 Dungeon Crawl Stone Soup version 0.29.1-2-gbd0b4ee654 (webtiles) character file.

Game seed: 11740643338323029085

1928 GigaChad the Cleaver (level 8, -10/75 HPs)
             Began as a Minotaur Fighter on Nov 22, 2022.
             Was a Priest of Ashenzari.
             Mangled by a yak (13 damage)
             ... on level 7 of the Dungeon.
             The game lasted 00:11:13 (4818 turns).

GigaChad the Cleaver (Minotaur Fighter)             Turns: 4818, Time: 00:11:13

Health: -10/75     AC: 14    Str: 30    XL:     8   Next: 96%
Magic:  7/7        EV:  7    Int: 11    God:    Ashenzari [***...]
Gold:   417        SH:  5    Dex:  9    Spells: 7/7 levels left

rFire   . . .      SeeInvis +   a - +1 war axe of the Fated Ennui {chaos, Elem, Range} (curse)
rCold   . . .      Faith    .   c - +0 buckler "Restrained With Me" {Fort, Bglg} (curse)
rNeg    . . .      Spirit   .   s - +0 plate armour of the Chained Welkin {Self, Bglg} (curse)
rPois   .          Reflect  .   (helmet restricted)
rElec   .          Harm     .   (no cloak)
rCorr   .          Rampage  .   (no gloves)
Will    .....      Clarity  +   (no boots)
Stlth   ..........              (no amulet)
HPRegen 0.22/turn               e - ring "At What Cost Knowledge?" {Int+6, Melee, Comp} (curse)
MPRegen 0.10/turn               r - ring of the Esoteric Pleiades {Str+6, Alch, Elem} (curse)

@: no status effects
A: horns 2, retaliatory headbutt
a: Renounce Religion, Shatter the Chains


You were on level 7 of the Dungeon.
You worshipped Ashenzari.
Ashenzari was most pleased with you.
You visited 2 branches of the dungeon, and saw 7 of its levels.
You also visited: Sewer.

You collected 417 gold pieces.

Inventory:

Hand Weapons
 a - the cursed +1 war axe of the Fated Ennui (weapon) {chaos, Elem, Range} Each time it hits an enemy it has a different, random effect. It has a curse which improves the following skills: Elements: Fire Magic, Ice Magic, Air Magic and Earth Magic. Ranged Combat: Ranged Weapons and Throwing.
Armour
 b - a +0 scale mail
 c - the cursed +0 buckler "Restrained With Me" (worn) {Fort, Bglg}

   It has a curse which improves the following skills: Fortitude: Armour and
   Shields.
   Beguiling: Conjurations, Hexes and Translocations.
 s - the cursed +0 plate armour of the Chained Welkin (worn) {Self, Bglg}
   (You found it on level 7 of the Dungeon)

   It has a curse which improves the following skills: Introspection: Fighting
   and Spellcasting.
   Beguiling: Conjurations, Hexes and Translocations.
Jewellery
 e - the cursed ring "At What Cost Knowledge?" (left hand) {Int+6, Melee, Comp}
   (You found it on level 1 of the Dungeon)

   [ring of intelligence]

   Int:       It affects your intelligence (+6).
   It has a curse which improves the following skills: Melee Combat: Short
   Blades, Long Blades, Axes, Maces & Flails, Polearms, Staves and Unarmed
   Combat.
   Companions: Summonings and Necromancy.
 j - a ring of protection from cold
 r - the cursed ring of the Esoteric Pleiades (right hand) {Str+6, Alch, Elem}
   (You found it on level 5 of the Dungeon)

   [ring of strength]

   Str:       It affects your strength (+6).
   It has a curse which improves the following skills: Alchemy: Poison Magic and
   Transmutations.
   Elements:  Fire Magic, Ice Magic, Air Magic and Earth Magic.
Wands
 q - a wand of roots (11)
Scrolls
 f - 4 scrolls of noise
 g - 7 scrolls of identify
 k - a scroll of blinking
 n - a scroll of magic mapping
Potions
 d - a potion of might
 h - 3 potions of lignification
 i - a potion of attraction
 l - 2 potions of curing
 m - 3 potions of brilliance
 o - a potion of magic
 p - 3 potions of heal wounds


   Skills:
 + Level 6.8(8.4) Fighting
 + Level 10.1(11.7) Axes
 + Level 7.1(8.8) Armour
 * Level 6.3(8.0) Shields


You had 7 spell levels left.
You didn't know any spells.
Your spell library contained the following spells:

 Spells                   Type           Power      Damage    Failure   Level
 Magic Dart               Conj           0%         1d3       96%         1
 Shock                    Conj/Air       0%         1d3       96%         1
 Beastly Appendage        Tmut           0%         N/A       97%         1


Dungeon Overview and Level Annotations

Branches:
Dungeon (7/15)             Temple (1/1) D:5           Sewer (visited)

Altars:
Ashenzari
Cheibriados
Elyvilon
Fedhas
Gozag
Hepliaklqana
Kikubaaqudgha
Makhleb
Okawaru
Ru
Sif Muna
Trog
Uskayaw
Vehumet
Wu Jian
Xom
Yredelemnul
Zin
The Shining One

Shops:
D:2 :

Portals:
Bailey: D:7

Annotations:
D:7 2 transporters, Groverdextrious's ghost, novice OgFi


Innate Abilities, Weirdness & Mutations

You have a pair of horns on your head.
You reflexively headbutt those who attack you in melee.


Message History

You kill the yak!
Your base Armour skill increases to level 7!
Your base Shields skill increases to level 6!
You hit the yak but do no damage. The yak gores you but does no damage.
You slash the yak!
The yak looks as sick as possible!
You headbutt the yak.
The yak is heavily wounded.
The yak gores you.
* * * LOW HITPOINT WARNING * * *
You completely miss the yak. You headbutt the yak!
The yak is severely wounded.
The yak gores you.
* * * LOW HITPOINT WARNING * * *
You barely miss the yak.
The yak is severely wounded.
You block the yak's attack.
You hit the yak.
The yak looks as sick as possible!
The yak is severely wounded.
The yak gores you but does no damage.
You hit the yak but do no damage. Your headbutt misses the yak.
The yak is almost dead.
You slash the yak!
You kill the yak!
You barely miss the yak.
You hear the steady creaking of a portcullis very nearby.
The yak gores you!
* * * LOW HITPOINT WARNING * * *
You slash the yak! Your headbutt misses the yak.
The yak is moderately wounded.
You block the yak's attack.
You slash the yak! You burn the yak.
The yak is severely wounded.
The yak gores you.
* * * LOW HITPOINT WARNING * * *
You slash the yak!
You kill the yak!
Your base Axes skill increases to level 10!
You hit the yak but do no damage. You headbutt the yak!
The yak is moderately wounded.
The yak gores you!
You die...

, ,, , , **,*#### #Y ### *
*** *,,.... #.,..# , ######
.###.##.# *** #..... *
#........ ######.##.#
,....)z{.#* * #.......... *
#..)∩)..# #.####.##.# ,
#..)...###########.# #.##..
#......Y.YY@.......####.##.#
##.###.######.........#.#.##
*
............<#######.#.##.#
* #.###.######## #.#.##.. ,
#.# #....# #.#.##.# , #.#
####.# #.#.##.. * * #.# #.#
#.#.##.# ## * #.# #.#
###.#..... ....###.######.#
#........#


You could see 3 yaks.

Vanquished Creatures
  3 yaks (D:7)
  Duvessa (D:4)
  A sky beast (D:7)
  An ogre (D:5)
  2 centaurs (D:5)
  2 bullfrogs
  A scorpion (D:5)
  A necrophage (D:5)
  5 wights (D:7)
  Dowan (D:4)
  2 hounds (D:5)
  An orc priest (D:4)
  3 iguanas
  4 orc wizards (D:5)
  7 adders
  A shadow imp (D:7)
  2 ufetubi
  A dart slug (D:1)
  3 worms
  12 orcs
  2 bats
  16 endoplasms
  12 giant cockroaches
  15 goblins
  8 hobgoblins
  4 jackals (D:1)
  3 kobolds
  11 quokkas
  16 ball pythons
  11 frilled lizards
  3 rats (D:2)
155 creatures vanquished.

Notes
Turn   | Place    | Note
-------+----------+-------------------------------------------
     0 | D:1      | GigaChad the Minotaur Fighter began the quest for the Orb.
     0 | D:1      | Reached XP level 1. HP: 19/19 MP: 0/0
   659 | D:1      | Reached XP level 2. HP: 19/27 MP: 1/1
   938 | D:1      | Reached XP level 3. HP: 33/33 MP: 2/2
  1030 | D:1      | Found a faded altar of an unknown god.
  1035 | D:1      | Prayed at the altar of an unknown god.
  1035 | D:1      | Became a worshipper of Ashenzari the Shackled
  1298 | D:2      | Found Urida's Book Boutique.
  1345 | D:2      | Reached skill level 3 in Axes
  1431 | D:2      | Found a hazy altar of Hepliaklqana.
  1831 | D:3      | Reached * piety under Ashenzari
  1878 | D:3      | Reached XP level 4. HP: 36/41 MP: 3/3
  2165 | D:3      | Found a glowing drain.
  2192 | Sewer    | Entered a sewer
  2232 | Sewer    | Reached skill level 5 in Armour
  2320 | Sewer    | Reached skill level 4 in Axes
  2321 | Sewer    | Reached XP level 5. HP: 34/47 MP: 4/4
  2529 | Sewer    | Identified A Beginning Course on Sorcery
  2869 | D:4      | Reached skill level 5 in Axes
  2878 | D:4      | Reached XP level 6. HP: 55/55 MP: 5/5
  3146 | D:4      | Reached skill level 5 in Fighting
  3283 | D:4      | Noticed Dowan
  3283 | D:4      | Noticed Duvessa
  3292 | D:4      | Killed Duvessa
  3299 | D:4      | Killed Dowan
  3300 | D:4      | Reached skill level 6 in Axes
  3327 | D:4      | Reached ** piety under Ashenzari
  3460 | D:4      | You fall into a shaft and drop 1 floor!
  3460 | D:5      | Entered Level 5 of the Dungeon
  3473 | D:5      | Reached XP level 7. HP: 58/61 MP: 6/6
  3684 | D:5      | Reached skill level 7 in Axes
  3763 | D:5      | Reached skill level 5 in Shields
  3763 | D:5      | Reached XP level 8. HP: 51/70 MP: 7/7
  3771 | D:5      | Found a staircase to the Ecumenical Temple.
  3797 | Temple   | Entered the Ecumenical Temple
  4110 | D:5      | Found a broken altar of Ashenzari.
  4213 | D:5      | Reached skill level 8 in Axes
  4238 | D:5      | Found a hazy altar of Hepliaklqana.
  4512 | D:5      | You fall into a shaft and drop 2 floors!
  4647 | D:7      | Noticed a moth of wrath
  4699 | D:7      | Found a transporter.
  4704 | D:7      | Noticed Groverdextrious's ghost (novice OgFi)
  4718 | D:7      | Reached *** piety under Ashenzari
  4725 | D:7      | Found a transporter.
  4772 | D:7      | Found a flagged portal.
  4799 | D:7      | Reached skill level 9 in Axes
  4816 | D:7      | HP: 2/75 [yak (6)]
  4818 | D:7      | Reached skill level 10 in Axes
  4818 | D:7      | Mangled by a yak

Illustrated notes

Levels and vault maps discovered:
D:1:      dpeg_arrival_castle, layout_loops_cross, ebering_ecumenical_altar_box
D:2:      layout_rooms, serial_shops, nicolae_shop_statue_plus, serial_aquarium,
          aquarium_bridge_long_separate [aquarium_subvault_bridge,
          aquarium_subvault_window, aquarium_subvault_window,
          aquarium_subvault_bridge, aquarium_subvault_bridge,
          aquarium_subvault_bridge], aquarium_window_corridor_2,
          aquarium_window_fake, aquarium_view_2d, aquarium_view_2f, basic_altar,
          minmay_tetromino_i2
D:3:      layout_basic, cheibrodos_sewer_entry_sluice
D:4:      cheibrodos_pilgrimage, layout_loops_ring, grunt_decor_resistance,
          dreamdust_wishing_well, uniq_duvessa
D:5:      layout_basic, cheibrodos_ashenzari_chains,
          mainiacjoe_overflow_small_starburst, minmay_temple_entry_wispy,
          minmay_misc_feat_room, grunt_decor_arrowhead
D:7:      layout_loops_ring, gammafunk_ghost_berserking_beasts, enter_bailey_2
Temple:   nicolae_temple_bog_church

Skill      XL: |  1  2  3  4  5  6  7  8 |
---------------+-------------------------+-----
Armour         | 4 5 6 7 |  7.1
Fighting       | 4 5 6 |  6.8
Axes           | 3 4 5 6 7 10 | 10.1
Shields        | 4 5 6 |  6.3

Action                   |  1- 3 |  4- 6 |  7- 9 || total
-------------------------+-------+-------+-------++-------
Melee: War axe           |    78 |   136 |    81 ||   295
       Headbutt          |     9 |    11 |    15 ||    35
Invok: Curse Item        |     2 |     1 |     2 ||     5
  Use: Scroll            |       |     2 |       ||     2
 Stab: Confused          |       |       |     1 ||     1
       Paralysed         |       |       |     1 ||     1
Armor: Scale mail        |    43 |    90 |    22 ||   155
       Plate armour      |       |       |    15 ||    15
Dodge: Dodged            |    42 |    79 |    40 ||   161
Block: Buckler           |    15 |    28 |    22 ||    65
